 Dungeon Crawl Stone Soup version 0.24-a0-778-g74da537 (webtiles) character file.

Game seed: 10582951866952999628, levelgen mode: deterministic

593751 BoppinsLewinski the Slayer (level 26, -4/237 HPs)
             Began as a Demonspawn Gladiator on Oct 7, 2019.
             Was the Champion of Okawaru.
             Killed from afar by a black draconian annihilator (22 damage)
             ... with a poison arrow
             ... on level 4 of the Realm of Zot.
             The game lasted 03:37:50 (59627 turns).

BoppinsLewinski the Slayer (Demonspawn Gladiator)  Turns: 59627, Time: 03:37:51

Health: -4/237     AC: 40    Str: 29    XL:     26   Next: 28%
Magic:  0/36       EV: 17    Int: 12    God:    Okawaru [******]
Gold:   6507       SH:  8    Dex: 16    Spells: 25/25 levels left

rFire    + + .     SeeInvis +   r - +10 triple sword "Dunyx" {slice, rElec rN+ Int+4 Stlth+}
rCold    + + .     Gourm    .   (shield currently unavailable)
rNeg     + . .     Faith    .   R - +10 crystal plate armour
rPois    +         Spirit   +   t - +0 hat {MR+}
rElec    +         Reflect  +   i - scarf {Spirit}
rCorr    .         Harm     .   h - +0 pair of gloves of Eternity {MR+}
MR       +++..                  (boots unavailable)
Stlth    ..........             I - brooch of Shielding {Reflect SH+8}
HPRegen  3.49/turn              S - +6 ring of slaying
MPRegen  0.25/turn              c - ring of Jeolem {rF+ rC++ Str+4 Dex-2 Stlth+}

@: lethally poisoned (-4 -> -5)
A: talons 3, rugged brown scales 3, see invisible, dopey 1, fire resistance 1,
ignite blood, poison resistance, powered by death 3, strong 1, augmentation 2,
flame cloud immunity
}: 3/15 runes: decaying, serpentine, silver
a: Heroism, Finesse, Renounce Religion


You were on level 4 of the Realm of Zot.
You worshipped Okawaru.
Okawaru was exalted by your worship.
You were not hungry.

You visited 10 branches of the dungeon, and saw 48 of its levels.
You also visited: Sewer and Gauntlet.

You collected 9827 gold pieces.
You spent 3320 gold pieces at shops.

Inventory:

Hand Weapons
 r - the +10 triple sword "Dunyx" (weapon) {slice, rElec rN+ Int+4 Stlth+}
   (Okawaru gifted it to you on level 1 of the Vaults)

   It inflicts extra damage upon your enemies.
   It affects your intelligence (+4).
   It insulates you from electricity.
   It protects you from negative energy.
   It makes you more stealthy.
 J - the +11 plutonium sword {*Contam Stlth-}
   (You took it off a minotaur in a Gauntlet)

   It causes magical contamination when unequipped.
   It makes you less stealthy.
Armour
 h - the +0 pair of gloves of Eternity (worn) {MR+}
   (Okawaru gifted it to you on level 6 of the Lair of Beasts)

   It affects your resistance to hostile enchantments.
 i - a scarf of spirit shield (worn)
 t - a +0 hat of magic resistance (worn)
 z - a scarf of repulsion
 R - a +10 crystal plate armour (worn)
Jewellery
 c - the ring of Jeolem (right hand) {rF+ rC++ Str+4 Dex-2 Stlth+}
   (You found it on level 2 of the Depths)

   [ring of protection from fire]

   It affects your strength (+4).
   It affects your dexterity (-2).
   It protects you from fire.
   It greatly protects you from cold.
   It makes you more stealthy.
 d - the ring "Cuengiss" {rC+++ Int-3 Dex+4 SInv}
   (You bought it in a shop on level 13 of the Dungeon)

   [ring of see invisible]

   It affects your intelligence (-3).
   It affects your dexterity (+4).
   It renders you almost immune to cold.
   It lets you see invisible.
 E - a +6 ring of evasion
 I - the brooch of Shielding (around neck) {Reflect SH+8}
   (You took it off a minotaur in a Gauntlet)

   [amulet of reflection]

   It shields you and reflects attacks.
   It affects your SH (+8).
 K - the ring of Tudelietz {rPois MR+ SInv}
   (You found it in a Gauntlet)

   [ring of protection from magic]

   It protects you from poison.
   It affects your resistance to hostile enchantments.
   It lets you see invisible.
 S - a +6 ring of slaying (left hand)
Wands
 b - a wand of iceblast (35)
 j - a wand of digging (17)
 n - a wand of flame (54)
 F - a wand of clouds (7)
 P - a wand of disintegration (2)
 X - a wand of polymorph (5)
 Z - a wand of paralysis (33)
Scrolls
 a - a scroll of magic mapping
 e - 30 scrolls of remove curse
 m - 19 scrolls of teleportation
 q - 12 scrolls of blinking
 w - 2 scrolls of holy word
 x - 7 scrolls of fear
 A - a scroll of silence
 L - 7 scrolls of immolation
 N - 9 scrolls of identify
 V - a scroll of summoning
Potions
 k - 8 potions of flight
 o - 12 potions of lignification
 s - a potion of might
 u - 4 potions of brilliance
 B - 2 potions of resistance
 C - 19 potions of curing
 D - a potion of invisibility
 H - a potion of cancellation
 M - 2 potions of heal wounds
 O - 3 potions of ambrosia
 Q - 2 potions of agility
 T - 3 potions of magic
 U - 3 potions of haste
 W - a potion of berserk rage
Miscellaneous
 g - 4 sacks of spiders
 l - 2 boxes of beasts
 p - a lightning rod (4/4)
 y - a lamp of fire (inert)
 G - a fan of gales
 Y - a phantom mirror
Comestibles
 f - 66 rations


   Skills:
 + Level 21.2 Fighting
 + Level 19.8 Long Blades
   Level 11.8 Polearms
 - Level 1.7 Throwing
 + Level 18.6 Armour
 + Level 18.7 Dodging
 - Level 8.5 Invocations
 + Level 18.3 Evocations


You had 25 spell levels left.
You didn't know any spells.
Your spell library contained the following spells:

 Spells                   Type           Power        Failure   Level  Hunger
 Animate Skeleton         Necr           N/A          99%         1    ##.....
 Apportation              Tloc           #.....       99%         1    ##.....
 Beastly Appendage        Tmut           #.....       99%         1    ##.....
 Confusing Touch          Hex            #.....       99%         1    ##.....
 Corona                   Hex            #......      99%         1    ##.....
 Flame Tongue             Conj/Fire      #....        99%         1    ##.....
 Freeze                   Ice            #...         99%         1    ##.....
 Magic Dart               Conj           #...         99%         1    ##.....
 Sandblast                Erth           #.....       99%         1    ##.....
 Summon Butterflies       Summ           #.......     99%         1    ##.....
 Summon Small Mammal      Summ           #...         99%         1    ##.....
 Blink                    Tloc           N/A          99%         2    ###....
 Call Imp                 Summ           #.......     99%         2    ###....
 Ensorcelled Hibernation  Hex/Ice        #.....       99%         2    ###....
 Passwall                 Tmut/Erth      #.......     99%         2    ###....
 Searing Ray              Conj           #.....       99%         2    ###....
 Slow                     Hex            #.......     99%         2    ###....
 Sticks to Snakes         Tmut           #.......     99%         2    ###....
 Swiftness                Chrm/Air       #.......     99%         2    ###....
 Throw Flame              Conj/Fire      #.....       99%         2    ###....
 Throw Frost              Conj/Ice       #.....       99%         2    ###....
 Confuse                  Hex            #.......     100%        3    ####...
 Conjure Flame            Conj/Fire      #.......     100%        3    ####...
 Dazzling Spray           Conj/Hex       #.....       100%        3    ####...
 Inner Flame              Hex/Fire       #.......     100%        3    ####...
 Lesser Beckoning         Tloc           #.........   100%        3    ####...
 Mephitic Cloud           Conj/Pois/Air  #.......     100%        3    ####...
 Ozocubu's Armour         Chrm/Ice       #.......     100%        3    ####...
 Recall                   Summ/Tloc      N/A          100%        3    ####...
 Spider Form              Tmut/Pois      #.........   100%        3    ####...
 Stone Arrow              Conj/Erth      #.....       100%        3    ####...
 Tukima's Dance           Hex            #.......     100%        3    ####...
 Force Lance              Conj/Tloc      #.......     100%        4    #####..
 Fulminant Prism          Conj/Hex       #.........   100%        4    #####..
 Ice Form                 Ice/Tmut       #.......     100%        4    #####..
 Iskenderun's Mystic Bla  Conj           #.......     100%        4    #####..
 Passage of Golubria      Tloc           N/A          100%        4    #####..
 Petrify                  Tmut/Erth      #.......     100%        4    #####..
 Sticky Flame             Conj/Fire      #.......     100%        4    #####..
 Summon Ice Beast         Ice/Summ       #.......     100%        4    #####..
 Throw Icicle             Conj/Ice       #.......     100%        4    #####..
 Alistair's Intoxication  Tmut/Pois      #.......     100%        5    ######.
 Aura of Abjuration       Summ           #.........   100%        5    ######.
 Blade Hands              Tmut           #.........   100%        5    ######.
 Bolt of Magma            Conj/Fire/Erth #.........   100%        5    ######.
 Fireball                 Conj/Fire      #.........   100%        5    ######.
 Iskenderun's Battlesphe  Conj/Chrm      #.......     100%        5    ######.
 Lee's Rapid Deconstruct  Erth           #.........   100%        5    ######.
 Metabolic Englaciation   Hex/Ice        #.........   100%        5    ######.
 Summon Demon             Summ           #.........   100%        5    ######.
 Summon Forest            Summ/Tloc      #.........   100%        5    ######.
 Summon Mana Viper        Hex/Summ       #.......     100%        5    ######.
 Venom Bolt               Conj/Pois      #.........   100%        5    ######.
 Bolt of Cold             Conj/Ice       #.........   100%        6    #######
 Darkness                 Hex            #.........   100%        6    #######
 Freezing Cloud           Conj/Ice/Air   #.........   100%        6    #######
 Invisibility             Hex            #.......     100%        6    #######
 Iron Shot                Conj/Erth      #.........   100%        6    #######
 Ozocubu's Refrigeration  Ice            #.........   100%        6    #######
 Shadow Creatures         Summ           N/A          100%        6    #######
 Simulacrum               Ice/Necr       #.........   100%        6    #######
 Orb of Destruction       Conj           #.........   100%        7    #######
 Spellforged Servitor     Conj/Summ      #.........   100%        7    #######


Dungeon Overview and Level Annotations

Branches:
Dungeon (15/15)            Temple (1/1) D:7            Lair (6/6) D:8
  Swamp (4/4) Lair:3        Snake (4/4) Lair:2        Slime (0/5) Lair:5
    Orc (2/2) D:12            Elf (2/3) Orc:2        Vaults (5/5) D:14
  Crypt (0/3) Vaults:2     Depths (5/5) D:15            Zot (4/5) Depths:5
  Sewer (visited)         Gauntlet (visited)

Altars:
Ashenzari
Cheibriados
Dithmenos
Elyvilon
Fedhas
Gozag
Hepliaklqana
Kikubaaqudgha
Makhleb
Nemelex Xobeh
Okawaru
Qazlal
Ru
Sif Muna
Trog
Uskayaw
Vehumet
Wu Jian
Xom
Yredelemnul
Zin
The Shining One
Beogh

Shops:
D:4 *!   D:13 =   Orc:2 !!(*   Vaults:2 }   Vaults:3 *   Depths:2 *

Portals:
Hell: Depths:1 Depths:2 Depths:3 Depths:4 Depths:5
Abyss: Depths:1 Depths:2 Depths:4 Depths:5
Pandemonium: Depths:3
Ziggurat: Depths:1

Annotations:
D:10 2 exclusions
D:11 1 exclusion
D:13 1 exclusion
D:14 1 exclusion
Lair:1 3 runed translucent doors, 1 exclusion, coolguy69's ghost, journeyman MiFi
Lair:3 2 transporters
Lair:4 exclusion: oklob plant
Swamp:2 3 runed translucent doors, 1 exclusion, scarywalker64's ghost, adept DgHu
Swamp:4 2 exclusions
Elf:2 3 runed translucent doors
Vaults:3 1 exclusion
Depths:3 1 exclusion
Depths:4 1 exclusion


Innate Abilities, Weirdness & Mutations

You have claws for feet.
You are completely covered in rugged brown scales. (AC +3, +7% HP)
Your flesh is heat resistant. (rF+)
Your demonic aura causes spilled blood to erupt in flames.
You regenerate a lot of health from kills.
Your magical and physical power is enhanced at high health.
You are immune to clouds of flame.
You have supernaturally acute eyesight. (SInv)
You are dopey. (Int -2)
Your system is resistant to poisons. (rPois)
Your muscles are strong. (Str +2)


Message History

Tha trail o' fire hits tha black draconian!!
Ye kill tha black draconian!
Okawaru accepts yer kill.
Tha trail o' fire hits tha black draconian!
Ye kill tha black draconian!
Okawaru accepts yer kill.
Tha trail o' fire hits tha curse toe.
Tha curse toe completely resists.
Ye hear a roar!
Tha curse toe calls on tha powers o' darkness!
Tha white draconian stormcaller convulses!
Tha black draconian convulses!
Tha black draconian annihilator convulses!
Yer body be wracked wit' pain!
* * * LOW HITPOINT WARNIN'
* * * Tha black draconian annihilator be 'ngulfed in blazin' flames.
Tha black draconian annihilator casts a spell at ye.
Tha poison arrow hits ye!!
Ye be poison'd.
Ye parti'lly resist.
Ye die...

*,,,,,,,,,,,#....#
*,,,,,,,,,,,#[##>#
*,,,,.......#.##.#
*,,,,.}.....#.##.#######
*,,,,.......#.##.......#
*,,,,.........########.#
*,,,,..?..dy###.§....#.#
*,,,,..$.dd○* #○####'#.######
**,,,,(..D.zf###@#...........#
,,>,,,...(§z§§dq☼#...........#
,,,,,,...§.#######...........#
,,,,,,...,,,,,* #...........#
******#***,,,,* #...........#
* *,,,,* #...........# *
*,,,,* #...........# * *,,,,*
#...........# * *,,,,*
#...........*


You could see a black draconian, a curse toe and a black draconian annihilator.

Vanquished Creatures
  An orb of fire (Zot:4)
  A juggernaut (Depths:4)
  2 ancient liches (Vaults:5)
  2 caustic shrikes (Depths:3)
  Xtahua (Vaults:5)
  Bai Suzhen (Swamp:3)
  4 curse toes
  8 golden dragons
  2 bone dragons (Depths:5)
  4 liches
  5 titans
  16 tentacled monstrosities
  5 quicksilver dragons
  Gastronok (Lair:1)
  7 sphinxes
  5 death cobs
  5 thorn hunters
  8 storm dragons
  14 shadow dragons
  An azure jelly (Snake:4)
  7 tengu reavers
  10 nagarajas
  14 fire giants
  3 draconian monks
  12 frost giants
  2 iron dragons
  The ghost of zbzbzb the Unseen, an adept OpEn of Okawaru (Elf:1)
  14 vault wardens
  2 ghost moths
  A balrug (Depths:2)
  5 draconian knights
  3 draconian scorchers
  A deep elf sorcerer (Depths:4)
  Louise (Depths:4)
  10 ironheart preservers
  2 spriggan defenders (Depths:3)
  2 deep elf elementalists
  4 draconian shifters
  4 draconian stormcallers
  40 very ugly things
  An orc warlord (Orc:2)
  2 war gargoyles (Vaults:4)
  3 draconian annihilators (Zot:3)
  20 stone giants
  3 deep elf demonologists
  4 vampire knights
  6 green draconians
  9 black draconians
  5 white draconians
  9 purple draconians
  6 red draconians
  6 yellow draconians
  A minotaur (Gauntlet)
  A dire elephant (Lair:6)
  8 spark wasps
  An eidolon (Vaults:2)
  A crystal guardian (Vaults:4)
  14 fire dragons
  A deep elf death mage (Vaults:2)
  20 ettins
  17 ogre magi
  4 great orbs of eyes
  15 yaktaur captains
  30 vault guards
  10 rakshasas
  8 deep elf high priests
  2 ghost crabs
  A caustic shrike simulacrum (Depths:2)
  16 naga warriors
  3 shambling mangroves
  14 ice dragons
  7 centaur warriors
  23 hydras
  11 anacondas
  2 catoblepae
  8 spriggan air magi
  An alligator (shapeshifter) (Depths:4)
  4 death knights
  Erica (Lair:1)
  18 alligators
  6 death yaks
  A two-headed ogre (shapeshifter) (Depths:4)
  13 deep troll shamans
  14 dancing weapons
  53 two-headed ogres
  16 tengu warriors
  8 deep troll earth magi
  A satyr (Swamp:1)
  4 orc high priests (Orc:2)
  A storm dragon zombie (Vaults:5)
  4 shock serpents
  8 naga sharpshooters
  8 spriggan berserkers
  8 deep elf knights
  2 sun demons (Depths:2)
  A fire crab (shapeshifter) (Vaults:5)
  8 salamander mystics
  2 shadow wraiths
  3 iron trolls
  2 spriggan druids (Swamp:4)
  A spark wasp zombie (Depths:3)
  30 deep trolls
  An unseen horror (shapeshifter) (Vaults:1)
  2 unseen horrors (D:14)
  A deep troll (shapeshifter) (Depths:4)
  6 glowing orange brains
  10 naga ritualists
  An entropy weaver zombie (Vaults:1)
  11 swamp dragons
  4 flayed ghosts
  15 ironbrand convokers
  9 wizards
  A golden dragon skeleton (Depths:2)
  An obsidian statue (Depths:4)
  9 deep elf archers
  17 orc knights
  2 harpies (shapeshifter) (Depths:4)
  2 phantasmal warriors
  An orb spider (shapeshifter) (Depths:4)
  8 wolf spiders
  A lindwurm (Lair:6)
  9 orc sorcerers
  A harpy (Depths:4)
  16 mana vipers
  A glowing shapeshifter (Vaults:5)
  59 ugly things
  26 deep elf magi
  8 necromancers
  A shadow dragon skeleton (Vaults:5)
  11 manticores
  2 frost giant zombies (Depths:2)
  9 salamanders
  8 cyclopes
  A guardian serpent (shapeshifter) (Depths:1)
  A moth of wrath (shapeshifter) (Vaults:4)
  2 salamanders (shapeshifter)
  An iron dragon skeleton (Vaults:5)
  11 moths of wrath
  3 centaur zombies
  2 fire giant skeletons (Depths:2)
  6 guardian serpents
  A water nymph (shapeshifter) (Vaults:1)
  A stone giant skeleton (Vaults:3)
  18 naga magi
  Joseph (D:10)
  A black mamba (shapeshifter) (Depths:4)
  3 elephants
  25 black mambas
  12 vault sentinels
  6 centaur skeletons
  2 eyes of devastation (shapeshifter)
  5 spectral swamp worms (Depths:1)
  A spiny frog (shapeshifter) (Vaults:4)
  A torpor snail (Gauntlet)
  A gargoyle (D:15)
  An elf skeleton (Depths:3)
  17 spiny frogs
  An efreet (D:13)
  A yaktaur (shapeshifter) (Vaults:4)
  58 yaktaurs
  9 rime drakes
  7 freezing wraiths
  2 yaktaur zombies
  A komodo dragon (shapeshifter) (Elf:2)
  9 komodo dragons
  2 polar bears
  7 tengu conjurers
  A jumping spider (shapeshifter) (Vaults:1)
  2 wind drakes (shapeshifter)
  4 meliai
  13 trolls
  A merfolk (Snake:1)
  A hornet (shapeshifter) (Vaults:3)
  4 tyrant leeches
  13 bog bodies
  30 hornets
  35 slime creatures
  18 blink frogs
  A hippogriff (shapeshifter) (Depths:4)
  A slime creature (shapeshifter) (Depths:4)
  3 dream sheep (Lair:6)
  A fire giant simulacrum (Vaults:2)
  A wind drake (Swamp:4)
  A snapping turtle (Vaults:1)
  A dream sheep (shapeshifter) (Depths:3)
  9 hippogriffs
  2 blink frogs (shapeshifter)
  21 spriggans
  An air elemental (Elf:2)
  A spriggan (shapeshifter) (Depths:5)
  A shadow (Swamp:2)
  2 centaur simulacra
  4 wraiths
  5 water elementals
  A fire elemental (Elf:1)
  A redback (Snake:4)
  2 tarantellas (shapeshifter)
  17 humans (D:14)
  52 yaks
  A yak (shapeshifter) (Depths:4)
  3 vampires
  2 hogs (shapeshifter) (Depths:4)
  3 wyverns
  Grum (D:10)
  A spriggan simulacrum (Depths:2)
  A golden eye (shapeshifter) (Depths:3)
  9 basilisks
  A chaos spawn (Gauntlet)
  A steam dragon (D:9)
  2 hungry ghosts
  8 vampire mosquitoes
  A neqoxec (Gauntlet)
  12 insubstantial wisps (Swamp:3)
  15 swamp worms
  An acid dragon (shapeshifter) (Vaults:5)
  2 acid dragons (Lair:6)
  57 nagas
  7 wargs
  11 water moccasins
  67 orc warriors
  6 hell hounds (Depths:4)
  12 swamp drakes
  A floating eye (Depths:4)
  2 floating eyes (shapeshifter)
  8 porcupines
  3 sky beasts
  4 black bears
  2 phantoms
  3 human skeletons
  An eye of draining (D:14)
  6 ice beasts
  53 ogres
  10 boggarts
  18 centaurs
  13 wolves
  An orc skeleton (Vaults:1)
  2 big kobolds
  11 crocodiles
  10 bullfrogs
  An earth elemental (Elf:2)
  2 wyvern zombies (D:14)
  A glowing shapeshifter simulacrum (Depths:3)
  2 wyvern skeletons
  3 scorpions
  19 wights
  13 killer bees
  5 electric eels
  13 crimson imps
  3 hounds
  36 orc priests
  25 jellies
  An iron imp (Depths:5)
  30 orc wizards
  A bullfrog skeleton (D:11)
  2 gnoll shamans (D:8)
  7 worker ants
  Natasha (thrice) (D:2)
  12 iguanas
  2 hound zombies
  14 adders
  9 gnolls (D:8)
  A howler monkey skeleton (D:7)
  3 shadow imps
  16 oozes
  3 adder zombies
  An adder skeleton (D:5)
  A dart slug (D:2)
  12 worms
  16 leopard geckos
  131 orcs
  13 bats
  A bat zombie (D:2)
  11 giant cockroaches
  9 goblins
  9 hobgoblins
  13 jackals
  15 kobolds
  7 quokkas
  3 ball pythons
  10 frilled lizards
  A jackal skeleton (D:5)
  A leopard gecko skeleton (D:4)
  13 rats
  A plant (Lair:6)
2331 creatures vanquished.

Vanquished Creatures (collateral kills)
  3 humans (D:14)
  An orc warrior (Orc:2)
  An orc wizard (Orc:2)
  An orc (Orc:2)
6 creatures vanquished.

Vanquished Creatures (others)
  A centaur warrior (Vaults:1)
  2 naga sharpshooters (Snake:4)
  A black mamba (Snake:1)
  A rime drake (Lair:6)
  4 yaktaurs
  A naga (Snake:1)
  A boggart (Depths:3)
  An ogre (Depths:3)
  An orc priest (Orc:1)
  An orc wizard (Orc:2)
  An orc (Orc:1)
  50 fungi
  24 plants
89 creatures vanquished.

Grand Total: 2426 creatures vanquished

Notes
Turn   | Place    | Note
-------+----------+-------------------------------------------
     0 | D:1      | BoppinsLewinski the Demonspawn Gladiator began the quest
                  | for the Orb.
     0 | D:1      | Reached XP level 1. HP: 16/16 MP: 1/1
   155 | D:1      | Gained mutation: You have sharp toenails. [demonic
                  | ancestry]
   155 | D:1      | Reached XP level 2. HP: 21/22 MP: 2/2
   618 | D:1      | Found a shattered altar of Ashenzari.
   663 | D:1      | Gained mutation: You are partially covered in rugged brown
                  | scales. (AC +1, +3% HP) [demonic ancestry]
   663 | D:1      | Reached XP level 3. HP: 23/28 MP: 3/3
  1137 | D:1      | Reached skill level 1 in Armour
  1608 | D:2      | Gained mutation: Your flesh is heat resistant. (rF+)
                  | [demonic ancestry]
  1608 | D:2      | Reached XP level 4. HP: 35/35 MP: 4/4
  1626 | D:2      | Noticed Natasha
  1639 | D:2      | Killed Natasha
  1642 | D:2      | Noticed Natasha
  1652 | D:2      | Killed Natasha
  1835 | D:2      | Gained mutation: You have razor-sharp toenails. [demonic
                  | ancestry]
  1835 | D:2      | Reached XP level 5. HP: 36/41 MP: 5/5
  1941 | D:2      | Noticed Natasha
  1958 | D:2      | Killed Natasha
  1970 | D:2      | Reached skill level 3 in Fighting
  2455 | D:3      | Found a faded altar of an unknown god.
  2765 | D:4      | Found Okutsos's Distillery.
  2844 | D:4      | Gained mutation: You possess an exceptional clarity of
                  | mind. [potion of mutation]
  2844 | D:4      | Gained mutation: You can translocate small distances at
                  | will. [potion of mutation]
  2844 | D:4      | Gained mutation: You have claws for feet. [potion of
                  | mutation]
  2844 | D:4      | Gained mutation: You have supernaturally acute eyesight.
                  | (SInv) [potion of mutation]
  2847 | D:4      | Reached XP level 6. HP: 18/48 MP: 6/6
  2867 | D:4      | Found Ealad's Eclectic Emporium.
  3092 | D:4      | Found a glowing drain.
  3096 | Sewer    | Entered a sewer
  4653 | D:5      | Entered Level 5 of the Dungeon
  4692 | D:5      | Noticed an ice beast
  4705 | D:5      | Killed an ice beast
  4705 | D:5      | Reached skill level 5 in Polearms
  4705 | D:5      | Reached XP level 7. HP: 48/54 MP: 7/7
  5015 | D:5      | Found a burning altar of Makhleb.
  5577 | D:6      | Reached skill level 4 in Fighting
  6136 | D:6      | Found a radiant altar of Vehumet.
  6235 | D:6      | Gained mutation: You regenerate a little health from kills.
                  | [demonic ancestry]
  6235 | D:6      | Reached XP level 8. HP: 62/62 MP: 8/8
  6837 | D:6      | Reached skill level 5 in Fighting
  6837 | D:6      | Reached skill level 5 in Dodging
  7602 | D:7      | Found a staircase to the Ecumenical Temple.
  7609 | Temple   | Entered the Ecumenical Temple
  7692 | Temple   | Became a worshipper of Warmaster Okawaru
  7784 | D:7      | Gained mutation: You regenerate health from kills. [demonic
                  | ancestry]
  7784 | D:7      | Reached XP level 9. HP: 44/70 MP: 9/9
  8340 | D:7      | Found a shimmering blue altar of Sif Muna.
  8424 | D:8      | Reached * piety under Okawaru
  8432 | D:8      | Reached skill level 5 in Armour
  8435 | D:8      | Reached skill level 6 in Fighting
  8813 | D:8      | Reached ** piety under Okawaru
  8875 | D:8      | Reached skill level 1 in Invocations
  9097 | D:8      | Reached skill level 1 in Evocations
  9100 | D:8      | Gained mutation: You are mostly covered in rugged brown
                  | scales. (AC +2, +5% HP) [demonic ancestry]
  9100 | D:8      | Reached XP level 10. HP: 67/80 MP: 11/11
  9149 | D:8      | Found a staircase to the Lair.
  9495 | Lair:1   | Entered Level 1 of the Lair of Beasts
  9526 | Lair:1   | Noticed Erica
  9548 | Lair:1   | Killed Erica
  9548 | Lair:1   | Reached *** piety under Okawaru
  9576 | Lair:1   | Reached skill level 7 in Fighting
  9620 | Lair:1   | Reached **** piety under Okawaru
  9744 | Lair:1   | You fall into a shaft and drop 1 floor!
  9744 | Lair:2   | Found a staircase to the Snake Pit.
  9778 | Lair:2   | Noticed a spiny frog
  9788 | Lair:2   | Killed a spiny frog
  9834 | Lair:1   | Noticed Gastronok
  9879 | Lair:1   | Killed Gastronok
  9879 | Lair:1   | Reached ***** piety under Okawaru
  9879 | Lair:1   | Received a gift from Okawaru
  9879 | Lair:1   | Reached skill level 10 in Polearms
  9879 | Lair:1   | Reached skill level 5 in Invocations
  9879 | Lair:1   | Reached XP level 11. HP: 16/89 MP: 11/14
 10350 | Lair:1   | Found a runed translucent gate.
 10350 | Lair:1   | Found a runed translucent gate.
 10350 | Lair:1   | Found a runed translucent gate.
 10413 | Lair:1   | Noticed coolguy69's ghost (journeyman MiFi)
 10761 | Lair:1   | Received a gift from Okawaru
 11044 | Lair:2   | Reached skill level 8 in Fighting
 11771 | Lair:2   | Reached skill level 5 in Evocations
 12336 | Lair:3   | Found a transporter.
 12339 | Lair:3   | Noticed a fire crab
 12418 | Lair:3   | Found a staircase to the Swamp.
 12427 | Lair:3   | Gained mutation: You are immune to clouds of flame.
                  | [demonic ancestry]
 12427 | Lair:3   | Reached XP level 12. HP: 98/98 MP: 17/17
 12675 | Lair:3   | Found a transporter.
 13039 | Lair:4   | Received a gift from Okawaru
 13047 | Lair:4   | Found a frozen archway.
 13709 | Lair:5   | Found a gate leading to a gauntlet.
 13726 | Gauntlet | Entered a Gauntlet
 13726 | Gauntlet | Found a transporter.
 13726 | Gauntlet | Noticed a death ooze
 13731 | Gauntlet | Found a transporter.
 13733 | Gauntlet | Found a transporter.
 13748 | Gauntlet | Found a transporter.
 13751 | Gauntlet | Found a transporter.
 13757 | Gauntlet | Found a transporter.
 13773 | Gauntlet | Found a transporter.
 13778 | Gauntlet | Noticed a death yak
 13781 | Gauntlet | Noticed a death yak
 13783 | Gauntlet | Found a transporter.
 13784 | Gauntlet | Noticed a death yak
 13786 | Gauntlet | Noticed a great orb of eyes
 13792 | Gauntlet | Found a runed translucent gate.
 13793 | Gauntlet | Found a transporter.
 13793 | Gauntlet | Found a runed translucent gate.
 13794 | Gauntlet | Found a runed translucent gate.
 13807 | Gauntlet | Found a transporter.
 13817 | Gauntlet | Found a transporter.
 13819 | Gauntlet | Found a transporter.
 13875 | Gauntlet | Found a transporter.
 13925 | Gauntlet | Noticed a death yak
 14064 | Gauntlet | Killed a death yak
 14083 | Gauntlet | Killed a death yak
 14090 | Gauntlet | Killed a death yak
 14097 | Gauntlet | Got a steaming plate armour
 14132 | Gauntlet | Noticed a minotaur
 14137 | Gauntlet | Killed a minotaur
 14137 | Gauntlet | Reached skill level 9 in Fighting
 14147 | Gauntlet | Got a slimy steel ring
 14244 | Lair:5   | Noticed a six-headed hydra
 14251 | Lair:5   | Killed a six-headed hydra
 14712 | Lair:5   | Found a staircase to the Slime Pits.
 15106 | Lair:5   | Identified the +9 plate armour of Miraros {rElec MR-
                  | Slay+3} (You found it in a Gauntlet)
 15118 | Lair:5   | Identified the ring of Tudelietz {rPois MR+ SInv} (You
                  | found it in a Gauntlet)
 15124 | Lair:5   | Identified a scroll of acquirement
 15170 | Lair:6   | Entered Level 6 of the Lair of Beasts
 15191 | Lair:6   | Identified the +9 quarterstaff of Disharmony {flame, Dex+6}
                  | (You found it on level 6 of the Lair of Beasts)
 15213 | Lair:6   | Reached skill level 1 in Long Blades
 15309 | Lair:5   | Received a gift from Okawaru
 15309 | Lair:5   | Reached XP level 13. HP: 104/106 MP: 17/19
 15390 | Lair:6   | Received a gift from Okawaru
 15401 | Lair:6   | Got a pair of steaming gloves {god gift}
 15402 | Lair:6   | Identified the +0 pair of gloves of Eternity {MR+} (Okawaru
                  | gifted it to you on level 6 of the Lair of Beasts)
 15507 | Lair:6   | Reached ****** piety under Okawaru
 15913 | Lair:6   | Reached skill level 10 in Fighting
 16090 | Lair:6   | Noticed a dire elephant
 16098 | Lair:6   | Reached skill level 5 in Long Blades
 16116 | Lair:6   | Killed a dire elephant
 16214 | Lair:6   | Found the +5 demon whip "Spellbinder" {antimagic, MR+}
 16291 | Lair:6   | Noticed a fire dragon
 16308 | Lair:6   | Killed a fire dragon
 16308 | Lair:6   | Received a gift from Okawaru
 17421 | D:10     | Entered Level 10 of the Dungeon
 17487 | D:10     | Gained mutation: Your magical and physical power is
                  | slightly enhanced at high health. [demonic ancestry]
 17487 | D:10     | Reached XP level 14. HP: 116/116 MP: 20/20
 17649 | D:10     | Noticed Joseph
 17650 | D:10     | Noticed Grum
 17668 | D:10     | Killed Grum
 17675 | D:10     | Killed Joseph
 17846 | D:10     | Reached skill level 10 in Dodging
 17991 | D:11     | Found a stormy altar of Qazlal.
 18096 | D:11     | Received a gift from Okawaru
 18800 | D:12     | Found a staircase to the Orcish Mines.
 19491 | Orc:1    | Entered Level 1 of the Orcish Mines
 19655 | Orc:1    | Reached skill level 11 in Fighting
 19873 | Orc:2    | Entered Level 2 of the Orcish Mines
 19882 | Orc:2    | Reached skill level 10 in Armour
 20049 | Orc:2    | Received a gift from Okawaru
 20855 | Orc:2    | Noticed a stone giant
 20865 | Orc:2    | Killed a stone giant
 21090 | Orc:2    | Received a gift from Okawaru
 21193 | Orc:2    | Found a staircase to the Elven Halls.
 21398 | Orc:2    | Found Laqaluit's Assorted Antiques.
 21438 | Orc:2    | Noticed an orc warlord
 21456 | Orc:2    | Killed an orc warlord
 21486 | Orc:2    | Found Beosym's Weapon Shoppe.
 21514 | Orc:2    | Found a roughly hewn altar of Beogh.
 21729 | Orc:2    | Found a roughly hewn altar of Beogh.
 21784 | Orc:2    | Mutation became permanent: You have razor-sharp toenails.
                  | [demonic ancestry]
 21784 | Orc:2    | Gained mutation: You have claws for feet. [demonic
                  | ancestry]
 21784 | Orc:2    | Reached XP level 15. HP: 124/124 MP: 21/21
 21824 | Orc:2    | Found Hysses's Distillery.
 21843 | Orc:2    | Found Esatoam's Distillery.
 21855 | Orc:2    | Bought 2 potions of invisibility for 192 gold pieces
 21855 | Orc:2    | Bought a potion of heal wounds for 60 gold pieces
 21866 | Orc:2    | Bought a potion of curing for 51 gold pieces
 21866 | Orc:2    | Bought a potion of heal wounds for 85 gold pieces
 21866 | Orc:2    | Bought a potion of heal wounds for 85 gold pieces
 22264 | Orc:2    | Bought a potion of heal wounds for 135 gold pieces
 22264 | Orc:2    | Bought a fizzy emerald potion for 24 gold pieces
 22264 | Orc:2    | Bought a scroll of blinking for 202 gold pieces
 22264 | Orc:2    | Bought a scroll of teleportation for 81 gold pieces
 22450 | D:13     | Received a gift from Okawaru
 22620 | D:4      | Bought a scroll of enchant armour for 75 gold pieces
 22654 | D:4      | Bought a potion of curing for 30 gold pieces
 22654 | D:4      | Bought a potion of invisibility for 80 gold pieces
 22654 | D:4      | Bought a potion of heal wounds for 50 gold pieces
 22654 | D:4      | Bought a potion of agility for 40 gold pieces
 22654 | D:4      | Bought a potion of might for 40 gold pieces
 22914 | D:13     | Reached skill level 10 in Long Blades
 23155 | D:13     | Found Upaillab's Jewellery Shoppe.
 24118 | D:14     | Found a gate to the Vaults.
 24739 | D:15     | Entered Level 15 of the Dungeon
 25048 | D:15     | Received a gift from Okawaru
 25384 | D:15     | Received a gift from Okawaru
 25574 | D:15     | Found a staircase to the Depths.
 25647 | D:15     | Found a shimmering blue altar of Sif Muna.
 26090 | Swamp:1  | Entered Level 1 of the Swamp
 26180 | Swamp:1  | Gained mutation: You are weak. (Str -2) [mutagenic glow]
 26432 | D:15     | Lost mutation: You can translocate small distances at will.
                  | [potion of mutation]
 26432 | D:15     | Lost mutation: You are weak. (Str -2) [potion of mutation]
 26432 | D:15     | Gained mutation: Your body sometimes deteriorates upon
                  | taking damage. [potion of mutation]
 26432 | D:15     | Gained mutation: You are completely covered in rugged brown
                  | scales. (AC +3, +7% HP) [potion of mutation]
 26433 | D:15     | Lost mutation: Your body sometimes deteriorates upon taking
                  | damage. [potion of mutation]
 26433 | D:15     | Lost mutation: You are completely covered in rugged brown
                  | scales. (AC +3, +7% HP) [potion of mutation]
 26433 | D:15     | Lost mutation: You possess an exceptional clarity of mind.
                  | [potion of mutation]
 26433 | D:15     | Gained mutation: Your muscles are strong. (Str +2) [potion
                  | of mutation]
 26433 | D:15     | Gained mutation: Your system is resistant to poisons.
                  | (rPois) [potion of mutation]
 26685 | Swamp:1  | Reached XP level 16. HP: 130/132 MP: 20/22
 27004 | Swamp:1  | Noticed a thorn hunter
 27014 | Swamp:1  | Killed a thorn hunter
 27034 | Swamp:1  | Received a gift from Okawaru
 27474 | Swamp:2  | Found a runed translucent gate.
 27474 | Swamp:2  | Found a runed translucent gate.
 27474 | Swamp:2  | Found a runed translucent gate.
 27476 | Swamp:2  | Noticed scarywalker64's ghost (adept DgHu)
 27527 | Swamp:2  | Noticed a thorn hunter
 27537 | Swamp:2  | Killed a thorn hunter
 28156 | Swamp:3  | Reached skill level 12 in Fighting
 28170 | Swamp:3  | Noticed Bai Suzhen
 28195 | Swamp:3  | Killed Bai Suzhen
 28206 | Swamp:3  | Noticed a thorn hunter
 28215 | Swamp:3  | Killed a thorn hunter
 28304 | Swamp:3  | Noticed a thorn hunter
 28326 | Swamp:3  | Killed a thorn hunter
 29120 | Swamp:4  | Entered Level 4 of the Swamp
 29370 | Swamp:4  | Paralysed by a hornet for 1 turns
 29711 | Swamp:4  | Noticed a thorn hunter
 29725 | Swamp:4  | Killed a thorn hunter
 29725 | Swamp:4  | Received a gift from Okawaru
 29752 | Swamp:4  | Reached XP level 17. HP: 123/141 MP: 14/23
 29777 | Swamp:3  | Received a gift from Okawaru
 30027 | Swamp:3  | Reached skill level 13 in Fighting
 30176 | Swamp:3  | Reached skill level 15 in Long Blades
 31036 | Swamp:4  | Got a decaying rune of Zot
 31171 | Snake:1  | Entered Level 1 of the Snake Pit
 32387 | Snake:1  | Received a gift from Okawaru
 32850 | Snake:2  | Received a gift from Okawaru
 32963 | Snake:2  | Reached skill level 14 in Fighting
 34270 | Snake:3  | Reached XP level 18. HP: 129/154 MP: 11/25
 35053 | Snake:4  | Entered Level 4 of the Snake Pit
 35176 | Snake:4  | Reached skill level 10 in Evocations
 35524 | Snake:4  | Received a gift from Okawaru
 35527 | Snake:4  | Identified the +0 crystal plate armour of Ennui {+Blink
                  | Int+9 Slay-3} (Okawaru gifted it to you on level 4 of the
                  | Snake Pit)
 35562 | Snake:4  | Reached skill level 15 in Fighting
 35717 | Snake:4  | Noticed Vashnia
 36260 | Snake:4  | Noticed Vashnia
 36260 | Snake:4  | Vashnia changed into Vashnia the storm dragon
 36263 | Snake:4  | Killed Vashnia the storm dragon
 37439 | Snake:4  | Got a serpentine rune of Zot
 37833 | Elf:1    | Entered Level 1 of the Elven Halls
 38136 | Elf:1    | Found a radiant altar of Vehumet.
 38252 | Elf:1    | Found a runed translucent door.
 38278 | Elf:1    | Received a gift from Okawaru
 39537 | Elf:1    | Reached skill level 16 in Fighting
 39589 | Elf:1    | Noticed zbzbzb's ghost (adept OpEn)
 39623 | Elf:1    | Killed zbzbzb's ghost
 39725 | Elf:2    | Found a runed translucent gate.
 39762 | Elf:2    | Reached XP level 19. HP: 164/164 MP: 27/27
 39818 | Elf:2    | Received a gift from Okawaru
 39857 | Elf:2    | Identified the +1 great sword of Armageddon {speed, +Blink
                  | rElec Str-3 Int+2} (Okawaru gifted it to you on level 2 of
                  | the Elven Halls)
 40021 | Elf:2    | Found a runed translucent gate.
 40021 | Elf:2    | Found a runed translucent gate.
 40476 | Vaults:1 | Entered Level 1 of the Vaults
 40532 | D:13     | Bought the ring "Cuengiss" {rC+++ Int-3 Dex+4 SInv} for 768
                  | gold pieces
 42475 | Vaults:1 | Received a gift from Okawaru
 42568 | Vaults:1 | Identified the +10 triple sword "Dunyx" {slice, rElec rN+
                  | Int+4 Stlth+} (Okawaru gifted it to you on level 1 of the
                  | Vaults)
 43462 | Vaults:2 | Found a staircase to the Crypt.
 43515 | Vaults:2 | Found Kinus's Gadget Boutique.
 43520 | Vaults:2 | Bought a wand of acid (9) for 364 gold pieces
 43520 | Vaults:2 | Bought a wand of paralysis (5) for 98 gold pieces
 43520 | Vaults:2 | Bought a fan of gales for 560 gold pieces
 43706 | Vaults:2 | You fall into a shaft and drop 2 floors!
 43985 | Vaults:2 | Received a gift from Okawaru
 43997 | Vaults:2 | Gained mutation: You regenerate a lot of health from kills.
                  | [demonic ancestry]
 43997 | Vaults:2 | Reached XP level 20. HP: 129/175 MP: 12/29
 44069 | Vaults:2 | Received a gift from Okawaru
 44694 | Vaults:3 | Paralysed by a hornet for 2 turns
 44978 | Vaults:3 | Reached skill level 17 in Fighting
 45405 | Vaults:3 | Found Ogogyfor's Assorted Antiques.
 45412 | Vaults:3 | Bought a scroll of enchant armour for 300 gold pieces
 46269 | Vaults:3 | Received a gift from Okawaru
 47439 | Vaults:4 | Reached XP level 21. HP: 181/183 MP: 30/30
 47828 | Vaults:4 | Received a gift from Okawaru
 47863 | Vaults:4 | Identified the +9 triple sword of Ufymuac {speed, MR+}
                  | (Okawaru gifted it to you on level 4 of the Vaults)
 48056 | Vaults:4 | Reached skill level 15 in Dodging
 48510 | Depths:1 | Entered Level 1 of the Depths
 48592 | Depths:1 | Found a one-way gate to the infinite horrors of the Abyss.
 48944 | Depths:1 | Received a gift from Okawaru
 49047 | Depths:1 | Found a radiant altar of Vehumet.
 49077 | Depths:1 | Reached skill level 15 in Armour
 49096 | Depths:1 | Found a gateway to Hell.
 49249 | Depths:1 | Found a gateway to a ziggurat.
 49368 | Depths:1 | Reached skill level 18 in Fighting
 49861 | Depths:2 | You fall into a shaft and drop 1 floor!
 50128 | Depths:2 | Received a gift from Okawaru
 50153 | Depths:2 | Identified the +3 pair of gloves "Keapub" {+Blink Int+3}
                  | (Okawaru gifted it to you on level 2 of the Depths)
 50287 | Depths:2 | Gained mutation: Your magical and physical power is
                  | enhanced at high health. [demonic ancestry]
 50287 | Depths:2 | Reached XP level 22. HP: 190/193 MP: 30/32
 50499 | Depths:2 | Found a burning altar of Makhleb.
 50533 | Depths:2 | Found Bofecs's Demolitions Depot.
 50832 | Depths:2 | Identified the amulet of Divine Compulsion {rPois rC+
                  | Regen+ Str+4 Dex+2}
 50844 | Depths:2 | Noticed a golden dragon
 50878 | Depths:2 | Killed a golden dragon
 51029 | Depths:2 | Identified the amulet of Qoiqoir {Gourm Dex+4} (You found
                  | it on level 2 of the Depths)
 51036 | Depths:2 | Identified the amulet of Altruism {RegenMP Int+3 Dex+2
                  | Slay-5} (You found it on level 2 of the Depths)
 51039 | Depths:2 | Identified the ring of Jeolem {rF+ rC++ Str+4 Dex-2 Stlth+}
                  | (You found it on level 2 of the Depths)
 51457 | Depths:3 | Received a gift from Okawaru
 51758 | Depths:3 | Reached skill level 15 in Evocations
 51764 | Depths:3 | Received a gift from Okawaru
 52150 | Depths:3 | Noticed a caustic shrike
 52150 | Depths:3 | Noticed a caustic shrike
 52167 | Depths:3 | Killed a caustic shrike
 52167 | Depths:3 | Received a gift from Okawaru
 52177 | Depths:3 | Killed a caustic shrike
 52195 | Depths:3 | Gained mutation: Your demonic aura causes spilled blood to
                  | erupt in flames. [demonic ancestry]
 52195 | Depths:3 | Reached XP level 23. HP: 201/201 MP: 19/34
 52686 | Depths:3 | Reached skill level 19 in Fighting
 52929 | Depths:3 | Found a one-way gate leading to the halls of Pandemonium.
 53045 | Depths:4 | Noticed Louise
 53055 | Depths:4 | Killed Louise
 53200 | Depths:4 | Received a gift from Okawaru
 53305 | Depths:4 | Identified the ring "Hyiqereh" {+Inv EV+3 Str-2 Int+9} (You
                  | found it on level 4 of the Depths)
 53342 | Depths:4 | Received a gift from Okawaru
 53351 | Depths:4 | Noticed a juggernaut
 53360 | Depths:4 | Paralysed by a floating eye for 3 turns
 53365 | Depths:4 | Killed a juggernaut
 53386 | Depths:4 | Identified the +0 pair of gloves of Duty {rF- rN+ MR++}
                  | (Okawaru gifted it to you on level 4 of the Depths)
 54229 | Depths:5 | Entered Level 5 of the Depths
 54310 | Depths:5 | Received a gift from Okawaru
 54504 | Depths:5 | Gained mutation: You are completely covered in rugged brown
                  | scales. (AC +3, +7% HP) [demonic ancestry]
 54504 | Depths:5 | Reached XP level 24. HP: 199/216 MP: 31/35
 54741 | Depths:5 | Found a gate to the Realm of Zot.
 54776 | Depths:5 | Received a gift from Okawaru
 55330 | Vaults:5 | Entered Level 5 of the Vaults
 55473 | Vaults:5 | Noticed an ancient lich
 55480 | Vaults:5 | Received a gift from Okawaru
 55486 | Vaults:5 | Killed an ancient lich
 55500 | Vaults:5 | Reached skill level 20 in Fighting
 56000 | Vaults:5 | Received a gift from Okawaru
 56120 | Vaults:5 | Noticed Xtahua
 56130 | Vaults:5 | Killed Xtahua
 56130 | Vaults:5 | Reached XP level 25. HP: 218/225 MP: 29/35
 56156 | Vaults:5 | Identified the ring "Siseir" {rC- rN+++ MR+ Str-5 SInv}
 56547 | Vaults:5 | Noticed an ancient lich
 56555 | Vaults:5 | Killed an ancient lich
 56808 | Vaults:5 | Got a silver rune of Zot
 57181 | Zot:1    | Entered Level 1 of the Realm of Zot
 57334 | Zot:1    | Received a gift from Okawaru
 58387 | Zot:2    | Received a gift from Okawaru
 59007 | Zot:3    | Received a gift from Okawaru
 59011 | Zot:3    | Reached skill level 21 in Fighting
 59011 | Zot:3    | Reached XP level 26. HP: 237/237 MP: 35/36
 59272 | Zot:3    | Found the +5 robe of Misfortune {*Contam Harm *Corrode
                  | *Drain *Slow EV+5}
 59478 | Zot:4    | Identified the +0 pair of gloves of Freedom {MR- Str+10
                  | Int+2 Dex-4} (You acquired it on level 4 of the Realm of
                  | Zot)
 59517 | Zot:4    | Noticed an orb of fire
 59537 | Zot:4    | Gained mutation: You are dopey. (Int -2) [an orb of fire]
 59539 | Zot:4    | Killed an orb of fire
 59627 | Zot:4    | Killed from afar by a black draconian annihilator

Levels and vault maps discovered:
D:1:      scummos_arrival_forest, layout_basic, minmay_misc_feat_tiny,
          evilmike_ruin_ashenzari
D:2:      minmay_spotlight, layout_rooms, serial_undead, serial_undead_e,
          serial_undead_f, serial_undead_f, serial_undead_b, first_ration,
          uniq_natasha
D:3:      layout_loops_ring, chequers_ecumenical_altar_twisty,
          hangedman_decor_slide_cut
D:4:      layout_cave_pools, gup_sewer_entry_spiral, serial_shops,
          shop_fountains, nicolae_alphabet_shops, serial_bayou_lake_a
D:5:      layout_basic, bloody_makhleb
D:6:      layout_layer_cave, overflow_temple_1_default, minmay_misc_feat_roman
D:7:      kennysheep_orc_sif_temple, layout_rooms,
          minmay_temple_entry_statues_pillars, the_bakery
D:8:      layout_rooms, due_lair_maze_entry_diamond,
          ebering_dispersal_statue_hall, minmay_tree_intersection
D:9:      layout_cave_pools
D:10:     layout_basic, minmay_misc_feat_encased, minivault_26,
          minmay_fractal_squares_gapless_5, uniq_grum, uniq_joseph
D:11:     layout_grid_maze, kennysheep_flooded_box, minmay_lizard_king
D:12:     layout_cross, orc_0_dummy
D:13:     layout_basic, serial_shops, shop
D:14:     layout_gridville, grunt_vaults_entry_tiered, hangedman_decor_lopped
D:15:     hangedman_depths_entry_civil_slaughter, layout_basic,
          serial_bayou_pond_d, lemuel_blue_sif_altar
Temple:   regret_index_temple_sigil_plot
Lair:1:   lemuel_slime, layout_regular_city, gammafunk_ghost_icy,
          uniq_gastronok, uniq_erica
Lair:2:   layout_long_grid, dummy_snake_entry, serial_bayou_lagoon_b
Lair:3:   gammafunk_cloud_chamber, layout_misc_corridors, swamp_mist
Lair:4:   layout_long_grid, portal_ice_cave_rime, lemuel_fruit_fields
Lair:5:   layout_cave_shapes, minmay_slime_entry_jelly_boxes,
          gauntlet_entry_generic, serial_bayou_pond_e, serial_bayou_lagoon_a
Lair:6:   hangedman_lair_in_review, layout_misc_corridors,
          guppyfry_lair_end_dragon
Swamp:1:  layout_basic_swamp, evilmike_swamp_ruin_house_6
Swamp:2:  layout_basic_swamp, gammafunk_ghost_hydra_chop,
          nicolae_swamp_treefoil, infiniplex_staircase_pool_2
Swamp:3:  layout_falls_marsh, evilmike_swamp_ruin_house_3, uniq_bai_suzhen
Swamp:4:  swamp_alternative, layout_basic_swamp
Snake:1:  layout_onion
Snake:2:  layout_layer_cave, nicolae_snake_single_loop,
          nicolae_snake_serpentine_hallways
Snake:3:  layout_cave_town, drop_trap, grunt_ministairs_15
Snake:4:  johnstein_snake_rune_scales, layout_onion_interference
Orc:1:    minmay_goldmine, layout_caves
Orc:2:    pubby_orc_utopia
Elf:1:    eino_elf_arrival_altar, layout_geoelf_octagon,
          ebering_ghost_reflecting_pool, kennysheep_underground_church,
          patterned_corridor
Elf:2:    layout_loops_cross, serial_sigils_hangedman_quiver
Vaults:1: vaults_room_pool, grunt_vaults_diagonal, vaults_room_door_hall,
          v_misc_26, vaults_room_hangedman_quadrants,
          nicolae_vaults_diagonal_hallway_8, grunt_vaults_hallway_short,
          ontoclasm_vaults_ring_small, grunt_vaults_funnel,
          nicolae_vaults_big_angled_halls, hangedman_vaults_cutoff,
          vaults_dpeg_cross, hangedman_vaults_trim, layout_vaults_omnicross
Vaults:2: v_rooms_3, hangedman_vaults_impose, hangedman_vaults_trim,
          ontoclasm_vaults_twist, vaults_mumra_minichess_inversion, st_lattice,
          minmay_crypt_entry_simple_statues, v_misc_16, ontoclasm_vaults_tryst,
          ontoclasm_vaults_loading_screen, layout_vaults_omnigrid, serial_shops,
          nicolae_shop_waterfront
Vaults:3: hangedman_vaults_river_flow, st_spiral_rooms, vaults_mumra_hexcomb,
          v_misc_22, v_misc_9, v_misc_33, v_misc_14, vaults_room_door_hall,
          ontoclasm_vaults_shuriken, nicolae_vaults_alarming,
          layout_vaults_ring, serial_shops, shop
Vaults:4: st_octagons_2, vaults_mumra_hex, vaults_room_large_hall, v_misc_26,
          hangedman_vaults_maws, nicolae_vaults_angled_halls, v_misc_30,
          v_pattern_3, layout_vaults_chaotic_city
Vaults:5: serial_shops, uniq_xtahua
Depths:1: layout_roguey, enter_ziggurat_d, pf_hell_entry_tar_river, abyss_entry,
          kennysheep_cluttered_room, st_stairs_1, hangedman_decor_riveting,
          grunt_tower_of_power
Depths:2: minmay_the_grid_triangle_9x9_rhombus_thin
          [minmay_the_grid_triangle_9x9_steps,
          minmay_the_grid_triangle_9x9_prize_special,
          minmay_the_grid_triangle_9x9_shrine,
          minmay_the_grid_triangle_9x9_longest], layout_gridville, abyss_entry,
          lightli_too_deep, nicolae_blasting_shop, grunt_decor_arrowhead,
          infiniplex_staircase_zigzag_1, serial_bayou_shore_b
Depths:3: hangedman_box_tower, layout_gridville, hell_entry,
          grunt_pan_entry_in_and_out, minmay_staircase_bubble,
          serial_bayou_shore_b
Depths:4: vault_1, layout_gridlike, nicolae_abyss_entry_one_way_or_another,
          minmay_crystal_room, hell_entry, special_room
          [special_room_mythical_zoo], lemuel_flamethrower_3,
          infiniplex_staircase_star
Depths:5: grunt_crosshair, layout_cave_pools, grunt_hell_entry_dis_grunt,
          abyss_entry, serial_bayou_shore_b
Zot:1:    layout_misc_corridors
Zot:2:    layout_cathedral_of_symmetry
Zot:3:    layout_onion_interference
Zot:4:    layout_basic

Skill      XL: |  1  2  3  4  5  6  7  8  9 10 11 12 13 14 15 16 17 18 19 20 21 22 23 24 25 |
---------------+----------------------------------------------------------------------------+-----
Polearms       | 3 4 5 6 7 8 10 11 | 11.8
Dodging        | 3 4 5 6 7 8 9 10 11 12 13 14 15 16 17 18 | 18.7
Armour         | 1 2 3 4 5 6 7 8 9 10 11 12 13 14 15 16 17 18 | 18.6
Fighting       | 3 4 5 6 7 8 9 10 11 12 14 16 17 18 19 20 21 | 21.2
Invocations    | 1 5 6 8 |  8.5
Evocations     | 1 3 5 6 8 9 11 12 13 14 15 16 17 18 | 18.3
Long Blades    | 1 6 9 13 14 15 16 17 18 19 | 19.8
Throwing       | |  1.7

Action                   |  1- 3 |  4- 6 |  7- 9 | 10-12 | 13-15 | 16-18 | 19-21 | 22-24 | 25-27 || total
-------------------------+-------+-------+-------+-------+-------+-------+-------+-------+-------++-------
Melee: Trident           |   152 |   410 |   438 |   929 |   583 |       |       |       |       ||  2512
       Kick              |     1 |    42 |   112 |   303 |   523 |   531 |   784 |   580 |   250 ||  3126
       Punch             |       |       |       |     3 |     1 |       |       |       |       ||     4
       Halberd           |       |       |       |       |  1081 |       |       |       |       ||  1081
       Triple sword      |       |       |       |       |    50 |  1270 |  1501 |  1034 |   412 ||  4267
Throw: Throwing net      |       |     3 |     1 |     4 |     5 |     1 |       |       |       ||    14
Invok: Heroism           |       |       |     1 |     8 |     5 |     4 |       |       |     1 ||    19
       Finesse           |       |       |       |     6 |    12 |    21 |    12 |    10 |     2 ||    63
Evoke: Wand              |       |       |     3 |     8 |    22 |    45 |     7 |    13 |       ||    98
       Lightning rod     |       |       |       |     4 |     8 |     4 |     1 |       |     1 ||    18
       Phantom mirror    |       |       |       |       |     1 |       |       |       |       ||     1
       Lamp of fire      |       |       |       |       |       |     3 |     1 |     2 |     1 ||     7
       Fan of gales      |       |       |       |       |       |       |     1 |     1 |       ||     2
       Box of beasts     |       |       |       |       |       |       |       |       |     1 ||     1
  Use: Scroll            |       |     4 |       |    17 |    15 |    13 |    11 |    11 |    12 ||    83
       Potion            |       |     6 |     6 |     1 |     9 |    11 |     3 |     5 |     6 ||    47
 Stab: Sleeping          |     2 |       |       |       |       |       |       |       |       ||     2
       Held in net/web   |       |       |       |     1 |     2 |       |       |       |       ||     3
       Paralysed         |       |       |       |       |     4 |     3 |       |       |       ||     7
       Confused          |       |       |       |       |     2 |       |       |       |       ||     2
       Petrified         |       |       |       |       |     1 |       |       |     6 |       ||     7
       Petrifying        |       |       |       |       |     1 |       |       |     1 |       ||     2
       Invisible         |       |       |       |       |    17 |       |     3 |     6 |     4 ||    30
       Distracted        |       |       |       |       |     1 |       |       |       |       ||     1
  Eat: Chunk             |     2 |     8 |    11 |    15 |    28 |     6 |     7 |     9 |       ||    86
       Ration            |       |     1 |     1 |     2 |     5 |    11 |     7 |     4 |     3 ||    34
Armor: Leather armour    |     1 |       |       |       |       |       |       |       |       ||     1
       Ring mail         |    12 |       |       |       |       |       |       |       |       ||    12
       Chain mail        |    95 |   259 |   162 |       |       |       |       |       |       ||   516
       Skin              |       |    38 |       |       |       |       |       |       |       ||    38
       Plate armour      |       |       |    48 |   221 |   302 |       |       |       |       ||   571
       Crystal plate arm |       |       |       |       |   251 |   856 |   818 |   509 |   279 ||  2713
Dodge: Dodged            |    89 |   150 |   165 |   312 |   758 |   980 |   739 |   774 |   349 ||  4316
Block: Other             |       |       |       |    33 |   474 |   589 |   526 |   334 |   157 ||  2113
       Reflection        |       |       |       |       |    23 |    54 |    39 |    20 |     1 ||   137
       Rpst.: Triple sword |       |       |       |       |     9 |   148 |   141 |   122 |    60 ||   480

Table legend:
 A = Non-vault XP
 B = Vault XP
 C = Vault XP percentage of total XP
 D = Non-vault monster count
 E = Vault monster count
 F = Vault count percentage of total count
                 A         B        C        D         E       F
            +---------+---------+-------+---------+---------+-------
      Total |  814232 |  554523 |  40.5 |    1527 |     817 |  34.9
            +---------+---------+-------+---------+---------+-------
        D:1 |      57 |       0 |   0.0 |      31 |       0 |   0.0
        D:2 |     154 |      53 |  25.6 |      31 |      10 |  24.4
        D:3 |      67 |       0 |   0.0 |      14 |       0 |   0.0
        D:4 |     206 |      14 |   6.4 |      12 |       7 |  36.8
        D:5 |     659 |       0 |   0.0 |      20 |       0 |   0.0
        D:6 |     723 |       0 |   0.0 |      15 |       0 |   0.0
        D:7 |     445 |     432 |  49.3 |      18 |       4 |  18.2
        D:8 |    2319 |    1209 |  34.3 |      50 |       9 |  15.3
        D:9 |    4523 |       0 |   0.0 |      37 |       0 |   0.0
       D:10 |    2643 |    2319 |  46.7 |      13 |      11 |  45.8
       D:11 |    3939 |     281 |   6.7 |      33 |       9 |  21.4
       D:12 |    4033 |       0 |   0.0 |      26 |       0 |   0.0
       D:13 |    5908 |       0 |   0.0 |      46 |       0 |   0.0
       D:14 |   15277 |    7158 |  31.9 |      48 |      25 |  34.2
       D:15 |    8757 |    5035 |  36.5 |      32 |       6 |  15.8
     Lair:1 |    4741 |    4137 |  46.6 |      22 |      24 |  52.2
     Lair:2 |   10319 |       0 |   0.0 |      37 |       0 |   0.0
     Lair:3 |    2092 |       0 |   0.0 |       9 |       0 |   0.0
     Lair:4 |    2949 |     722 |  19.7 |      13 |       2 |  13.3
     Lair:5 |    6245 |    1004 |  13.9 |      24 |      14 |  36.8
     Lair:6 |    7318 |   14757 |  66.8 |      29 |      35 |  54.7
    Swamp:1 |   23616 |       0 |   0.0 |      43 |       0 |   0.0
    Swamp:2 |   10374 |       0 |   0.0 |      22 |       0 |   0.0
    Swamp:3 |   17945 |   10290 |  36.4 |      47 |       6 |  11.3
    Swamp:4 |   17473 |   11635 |  40.0 |      38 |      18 |  32.1
    Snake:1 |   14062 |       0 |   0.0 |      24 |       0 |   0.0
    Snake:2 |   22495 |       0 |   0.0 |      47 |       0 |   0.0
    Snake:3 |   20548 |    1037 |   4.8 |      34 |       2 |   5.6
    Snake:4 |   10162 |   44173 |  81.3 |      13 |      72 |  84.7
      Orc:1 |    4215 |     210 |   4.7 |      36 |      11 |  23.4
      Orc:2 |       0 |   23026 | 100.0 |       0 |     142 | 100.0
      Elf:1 |    6239 |   10353 |  62.4 |       9 |      14 |  60.9
      Elf:2 |   17221 |    2739 |  13.7 |      28 |       3 |   9.7
   Vaults:1 |   32522 |   17501 |  35.0 |      58 |      25 |  30.1
   Vaults:2 |   20482 |   22882 |  52.8 |      40 |      42 |  51.2
   Vaults:3 |   40041 |   17668 |  30.6 |      57 |      28 |  32.9
   Vaults:4 |   34316 |   62335 |  64.5 |      51 |      63 |  55.3
   Vaults:5 |   21925 |  121114 |  84.7 |      36 |      72 |  66.7
   Depths:1 |   46740 |   10034 |  17.7 |      60 |      13 |  17.8
   Depths:2 |   56889 |   20645 |  26.6 |      78 |      13 |  14.3
   Depths:3 |   58601 |   52347 |  47.2 |      68 |      35 |  34.0
   Depths:4 |   19014 |   56339 |  74.8 |      20 |      54 |  73.0
   Depths:5 |   54465 |   28381 |  34.3 |      56 |      16 |  22.2
      Zot:1 |   43498 |       0 |   0.0 |      21 |       0 |   0.0
      Zot:2 |   47781 |       0 |   0.0 |      29 |       0 |   0.0
      Zot:3 |   53974 |       0 |   0.0 |      32 |       0 |   0.0
      Zot:4 |   36260 |       0 |   0.0 |      20 |       0 |   0.0
      Sewer |       0 |      79 | 100.0 |       0 |      25 | 100.0
   Gauntlet |       0 |    4614 | 100.0 |       0 |       7 | 100.0
            +---------+---------+-------+---------+---------+-------
